FL
JOLIET SLAMMERS @ QUEBEC CAPITALES
08/12/2072
 
TOP OF THE 1ST
Evansville Otters batting - Pitching for Sussex County Miners : LHP Dan McGill
Pitching: LHP Dan McGill
Batting: RHB Kevin Anderson 0-0: Ball
1-0: Ball
2-0: Called Strike
2-1: SINGLE (Flyball, 5D, EV 94.4 MPH)
Batting: LHB Oscar Ortiz 0-0: Ball
1-0: Grounds into double play, 4-6-3 (Groundball, 4, EV 105.0 MPH)
Batting: RHB Nate Young 0-0: Called Strike
0-1: SINGLE (Groundball, 4MD, EV 94.4 MPH)
Batting: RHB Bobby de Leon 0-0: Ground out 6-3 (Groundball, 6S, EV 87.5 MPH)
Top of the 1st over - 0 runs, 2 hits, 0 errors, 1 left on base; Evansville 0 - Sussex County 0
BOTTOM OF THE 1ST
Sussex County Miners batting - Pitching for Evansville Otters : RHP Polo Portela
Pitching: RHP Polo Portela
Batting: LHB Tim Varner 0-0: Called Strike
0-1: Ball
1-1: Ball
2-1: Foul Ball, location: 2F
2-2: Fly out, F6 (Popup, 6, EV 53.8 MPH)
Batting: LHB Josh Staggs 0-0: Ball
1-0: Swinging Strike
1-1: Ground out U3 (Groundball, 3L, EV 82.5 MPH)
Batting: LHB Bryce Greene 0-0: Ball
1-0: Ground out 5-3 (Groundball, 56S, EV 76.2 MPH)
Bottom of the 1st over - 0 runs, 0 hits, 0 errors, 0 left on base; Evansville 0 - Sussex County 0
TOP OF THE 2ND
Evansville Otters batting - Pitching for Sussex County Miners : LHP Dan McGill
Batting: LHB Scott Yost 0-0: Swinging Strike
0-1: Called Strike
0-2: Ball
1-2: SINGLE (Groundball, 34D, EV 98.1 MPH)
Batting: RHB Todd Dostal 0-0: Ball
1-0: Ball
2-0: Ball
3-0: Called Strike
3-1: Swinging Strike
3-2: Foul Ball, location: 2F
Pickoff Throw to First - Error! E1
Scott Yost to second
3-2: Base on Balls
Batting: SHB Mike Larson 0-0: Called Strike
0-1: Hit by Pitch
Scott Yost to third
Todd Dostal to second
Batting: RHB Roberto Quinones 0-0: Foul Ball, location: 2F
0-1: Ball
1-1: Ball
2-1: Ball
3-1: Base on Balls
Scott Yost scores
Todd Dostal to third
Mike Larson to second
Batting: RHB Jay Carp 0-0: SINGLE (Groundball, 34D, EV 104.4 MPH)
Todd Dostal scores
Mike Larson to third
Roberto Quinones to second
Runner from 3rd tries for Home, throw by RF and OUT! 9-2
Batting: RHB Kevin Anderson 0-0: Fly out, F9 (Flyball, 9LM, EV 88.8 MPH)
Batting: LHB Oscar Ortiz 0-0: SINGLE (Line Drive, 9S, EV 91.2 MPH)
Roberto Quinones to third
Jay Carp to second
Runner from 3rd tries for Home, SAFE, throw by RF to home
Batting: RHB Nate Young 0-0: Called Strike
0-1: Ball
1-1: Foul Ball, location: 2F
1-2: Foul Ball, location: 2F
1-2: Ball
2-2: SINGLE (Line Drive, 9S, EV 98.1 MPH)
Jay Carp to third
Oscar Ortiz to second
Runner from 3rd tries for Home, throw by RF and OUT! 9-2
Top of the 2nd over - 3 runs, 4 hits, 1 error, 2 left on base; Evansville 3 - Sussex County 0
BOTTOM OF THE 2ND
Sussex County Miners batting - Pitching for Evansville Otters : RHP Polo Portela
Batting: RHB Rick Davis 0-0: Ball
1-0: Ball
2-0: SINGLE (Line Drive, 89S, EV 91.9 MPH)
Batting: RHB Jose Hidalgo 0-0: Ball
1-0: Grounds into double play, 5-4-3 (Groundball, 56S, EV 80.0 MPH)
Batting: RHB Ron Oakley 0-0: Called Strike
0-1: Fly out, F7 (Flyball, 7LS, EV 95.6 MPH)
Bottom of the 2nd over - 0 runs, 1 hit, 0 errors, 0 left on base; Evansville 3 - Sussex County 0
TOP OF THE 3RD
Evansville Otters batting - Pitching for Sussex County Miners : LHP Dan McGill
Batting: RHB Bobby de Leon 0-0: Hit by Pitch
Batting: LHB Scott Yost 0-0: Foul Ball, location: 2F
0-1: Fly out, F8 (Flyball, 8LD, EV 89.4 MPH)
Batting: RHB Todd Dostal 0-0: Foul Ball, location: 2F
0-1: Ball
1-1: Foul Ball, location: 2F
1-2: Foul Ball, location: 2F
1-2: SINGLE (Line Drive, 3D, EV 106.2 MPH)
Bobby de Leon to second
Batting: SHB Mike Larson 0-0: Ball
1-0: Ball
2-0: Foul Ball, location: 2F
2-1: Ball
3-1: Called Strike
3-2: Base on Balls
Bobby de Leon to third
Todd Dostal to second
Batting: RHB Roberto Quinones 0-0: Grounds into double play, 6-4-3 (Groundball, 6, EV 98.8 MPH)
Top of the 3rd over - 0 runs, 1 hit, 0 errors, 2 left on base; Evansville 3 - Sussex County 0
BOTTOM OF THE 3RD
Sussex County Miners batting - Pitching for Evansville Otters : RHP Polo Portela
Batting: RHB Jonas de Rooij 0-0: Ball
1-0: Foul Ball, location: 2F
1-1: Ball
2-1: Foul Ball, location: 2F
2-2: Ball
3-2: Fly out, F7 (Line Drive, 7, EV 95.0 MPH)
Batting: RHB Danny Fernandez 0-0: Foul Ball, location: 2F
0-1: Ball
1-1: Foul Ball, location: 2F
1-2: Ground out 4-3 (Groundball, 4, EV 81.9 MPH)
Batting: RHB Dave Bice 0-0: SINGLE (Groundball, 6S, EV 76.2 MPH) (infield hit)
Batting: LHB Tim Varner 0-0: Foul Ball, location: 2F
0-1: Foul Ball, location: 2F
0-2: Ball
1-2: Ball
2-2: Ball
3-2: Foul Ball, location: 2F
3-2: SINGLE (Groundball, 34D, EV 96.9 MPH)
Dave Bice to second
Dave Bice to third
Batting: LHB Josh Staggs 0-0: Ball
1-0: Fielders Choice at 2nd, 5-4 (Groundball, 5, EV 90.0 MPH)
Bottom of the 3rd over - 0 runs, 2 hits, 0 errors, 2 left on base; Evansville 3 - Sussex County 0
TOP OF THE 4TH
Evansville Otters batting - Pitching for Sussex County Miners : LHP Dan McGill
Batting: RHB Jay Carp 0-0: SINGLE (Flyball, 9LS, EV 93.8 MPH)
Batting: RHB Kevin Anderson 0-0: Called Strike
0-1: Ball
1-1: Ball
2-1: Ball
3-1: Base on Balls
Jay Carp to second
Batting: LHB Oscar Ortiz 0-0: Grounds into double play, 3-6-3 (Groundball, 3, EV 81.2 MPH)
Jay Carp to third
Batting: RHB Nate Young 0-0: Called Strike
0-1: Swinging Strike
0-2: Foul Ball, location: 2F
0-2: Ball
1-2: Ball
2-2: Ball
3-2: Base on Balls
Batting: RHB Bobby de Leon 0-0: Ball
1-0: Foul Ball, location: 2F
1-1: Ball
2-1: Ball
3-1: Swinging Strike
3-2: Foul Ball, location: 2F
3-2: Foul Ball, location: 2F
3-2: Foul Ball, location: 2F
3-2: Base on Balls
Nate Young to second
Batting: LHB Scott Yost 0-0: Ball
1-0: Called Strike
1-1: Foul Ball, location: 2F
1-2: Ground out U3 (Groundball, 3L, EV 103.8 MPH)
Top of the 4th over - 0 runs, 1 hit, 0 errors, 3 left on base; Evansville 3 - Sussex County 0
BOTTOM OF THE 4TH
Sussex County Miners batting - Pitching for Evansville Otters : RHP Polo Portela
Batting: LHB Bryce Greene 0-0: Fly out, F8 (Flyball, 89M, EV 91.9 MPH)
Batting: RHB Rick Davis 0-0: Ball
1-0: Ground out 6-3 (Groundball, 6, EV 84.4 MPH)
Batting: RHB Jose Hidalgo 0-0: Called Strike
0-1: Called Strike
0-2: Foul Ball, location: 2F
0-2: Ball
1-2: Ground out 6-3 (Groundball, 6, EV 83.8 MPH)
Bottom of the 4th over - 0 runs, 0 hits, 0 errors, 0 left on base; Evansville 3 - Sussex County 0
TOP OF THE 5TH
Evansville Otters batting - Pitching for Sussex County Miners : LHP Dan McGill
Batting: RHB Todd Dostal 0-0: Ball
1-0: Ball
2-0: Ball
3-0: Base on Balls
Batting: SHB Mike Larson 0-0: Called Strike
0-1: Ball
1-1: Sac Bunt to 25 - play at first, batter OUT! 5-3
Todd Dostal to second
Batting: RHB Roberto Quinones 0-0: Ball
1-0: Called Strike
1-1: Foul Ball, location: 2F
1-2: Ball
2-2: Ground out 4-3 (Groundball, 4, EV 107.5 MPH)
Todd Dostal to third
Batting: RHB Jay Carp 0-0: Ball
1-0: Foul Ball, location: 2F
1-1: Ball
2-1: Ball
3-1: Foul Ball, location: 2F
3-2: Fly out, F8 (Flyball, 78XD, EV 101.9 MPH)
Top of the 5th over - 0 runs, 0 hits, 0 errors, 1 left on base; Evansville 3 - Sussex County 0
BOTTOM OF THE 5TH
Sussex County Miners batting - Pitching for Evansville Otters : RHP Polo Portela
Batting: RHB Ron Oakley 0-0: Foul Ball, location: 2F
0-1: Foul Ball, location: 2F
0-2: Hit by Pitch
Batting: RHB Jonas de Rooij Pickoff Throw to First - Error! E1
Ron Oakley to second
0-0: Called Strike
Ron Oakley steals 3rd base
0-1: Swinging Strike
0-2: Foul Ball, location: 2F
0-2: Ball
1-2: SINGLE (Line Drive, 4D, EV 97.5 MPH)
Ron Oakley scores
Batting: RHB Danny Fernandez 0-0: Called Strike
0-1: Called Strike
Jonas de Rooij is caught stealing 2nd base 2-4
0-2: Ground out 6-3 (Groundball, 6, EV 86.9 MPH)
Batting: RHB Dave Bice 0-0: Ball
1-0: Called Strike
1-1: Foul Ball, location: 2F
1-2: Ball
2-2: Strikes out looking
Bottom of the 5th over - 1 run, 1 hit, 1 error, 0 left on base; Evansville 3 - Sussex County 1
TOP OF THE 6TH
Evansville Otters batting - Pitching for Sussex County Miners : LHP Dan McGill
Batting: RHB Kevin Anderson 0-0: Fly out, F3 (Flyball, 34D, EV 85.0 MPH)
Batting: LHB Oscar Ortiz 0-0: Ball
1-0: Called Strike
1-1: Fly out, F9 (Flyball, 9LD, EV 105.0 MPH)
Batting: RHB Nate Young 0-0: Fly out, F9 (Flyball, 9, EV 90.6 MPH)
Top of the 6th over - 0 runs, 0 hits, 0 errors, 0 left on base; Evansville 3 - Sussex County 1
BOTTOM OF THE 6TH
Sussex County Miners batting - Pitching for Evansville Otters : RHP Polo Portela
Batting: LHB Tim Varner 0-0: Swinging Strike
0-1: DOUBLE (Flyball, 78XD, EV 110.0 MPH)
Batting: LHB Josh Staggs 0-0: Ball
1-0: Called Strike
1-1: Foul Ball, location: 2F
1-2: Ball
2-2: Foul Ball, location: 2F
2-2: Fly out, F3 (Line Drive, 3, EV 70.6 MPH)
Batting: LHB Bryce Greene 0-0: Ball
Tim Varner steals 3rd base
1-0: Ball
2-0: Ball
3-0: Called Strike
3-1: Base on Balls
Batting: RHB Rick Davis 0-0: SINGLE (Groundball, 56, EV 96.9 MPH)
Tim Varner scores
Bryce Greene to second
Batting: RHB Jose Hidalgo 0-0: Ball
1-0: Ball
2-0: Fielders Choice at 2nd, 1-6 (Groundball, 34S, EV 68.1 MPH)
Bryce Greene to third
Batting: RHB Ron Oakley 0-0: Foul Ball, location: 2F
0-1: Ball
1-1: Foul Ball, location: 2F
1-2: Ball
2-2: SINGLE (Groundball, 34D, EV 105.0 MPH)
Bryce Greene scores
Jose Hidalgo to second
Runner from 2nd tries for 3rd, SAFE, throw by RF made to third
Batting: RHB Jonas de Rooij 0-0: Ball
1-0: Foul Ball, location: 2F
1-1: Ball
2-1: Ball
3-1: Swinging Strike
3-2: Foul Ball, location: 2F
3-2: Base on Balls
Ron Oakley to second
Batting: RHB Danny Fernandez 0-0: Ball
1-0: Called Strike
1-1: Fielders Choice at 2nd, 6-4 (Groundball, 6, EV 98.8 MPH)
Bottom of the 6th over - 2 runs, 3 hits, 0 errors, 3 left on base; Evansville 3 - Sussex County 3
TOP OF THE 7TH
Evansville Otters batting - Pitching for Sussex County Miners : LHP Dan McGill
Batting: RHB Bobby de Leon 0-0: SINGLE (Line Drive, 9S, EV 90.0 MPH)
Batting: LHB Scott Yost 0-0: Ball
1-0: Ball
2-0: SINGLE (Groundball, 23, EV 73.1 MPH) (infield hit)
Bobby de Leon to second
Pitching: RHP Alvin Clarke
Batting: RHB Todd Dostal 0-0: Swinging Strike
0-1: SINGLE (Line Drive, 6D, EV 100.0 MPH)
Bobby de Leon to third
Scott Yost to second
Runner from 3rd tries for Home, throw by LF and OUT! 7-2
Batting: SHB Mike Larson 0-0: Ball
1-0: Foul Ball, location: 2F
1-1: Called Strike
1-2: Ball
2-2: Ball
3-2: Foul Ball, location: 2F
3-2: Base on Balls
Scott Yost to third
Todd Dostal to second
Batting: RHB Roberto Quinones 0-0: Ball
1-0: Foul Ball, location: 2F
1-1: Ball
2-1: Grounds into fielders choice 6-2 (Groundball, 6, EV 108.1 MPH)
Todd Dostal to third
Mike Larson to second
Batting: RHB Jay Carp 0-0: Called Strike
0-1: Ball
1-1: SINGLE (Groundball, 6MD, EV 95.0 MPH)
Todd Dostal scores
Mike Larson to third
Roberto Quinones to second
Runner from 3rd tries for Home, SAFE, throw by CF to home
Roberto Quinones to third
Jay Carp to second
Batting: RHB Kevin Anderson 0-0: Fly out, F4 (Popup, 23, EV 81.2 MPH)
Top of the 7th over - 2 runs, 4 hits, 0 errors, 2 left on base; Evansville 5 - Sussex County 3
BOTTOM OF THE 7TH
Sussex County Miners batting - Pitching for Evansville Otters : RHP Polo Portela
Batting: RHB Dave Bice 0-0: Called Strike
0-1: Called Strike
0-2: Strikes out swinging
Pitching: RHP Brad Thoutt
Batting: LHB Tim Varner 0-0: Ground out U3 (Groundball, 13, EV 82.5 MPH)
Batting: LHB Josh Staggs 0-0: Ball
1-0: Called Strike
1-1: DOUBLE (Line Drive, 9LM, EV 105.6 MPH)
Batting: LHB Bryce Greene 0-0: Ball
1-0: Called Strike
1-1: Ball
Wild Pitch!
Josh Staggs to third
2-1: Swinging Strike
2-2: Ground out 3-1 (Groundball, 34, EV 107.5 MPH)
Bottom of the 7th over - 0 runs, 1 hit, 0 errors, 1 left on base; Evansville 5 - Sussex County 3
TOP OF THE 8TH
Evansville Otters batting - Pitching for Sussex County Miners : RHP Alvin Clarke
Batting: LHB Oscar Ortiz 0-0: Called Strike
0-1: Called Strike
0-2: Ball
1-2: Ball
2-2: Ball
3-2: Foul Ball, location: 2F
3-2: Foul Ball, location: 2F
3-2: Base on Balls
Batting: RHB Nate Young 0-0: Hit by Pitch
Oscar Ortiz to second
Batting: RHB Bobby de Leon 0-0: Ball
1-0: Foul Ball, location: 2F
1-1: SINGLE (Groundball, 6MD, EV 103.1 MPH)
Oscar Ortiz to third
Nate Young to second
Batting: LHB Scott Yost 0-0: Called Strike
0-1: Called Strike
0-2: Ball
1-2: Ball
2-2: Foul Ball, location: 2F
2-2: Ball
3-2: Base on Balls
Oscar Ortiz scores
Nate Young to third
Bobby de Leon to second
Batting: RHB Todd Dostal 0-0: Hit by Pitch
Nate Young scores
Bobby de Leon to third
Scott Yost to second
Pitching: LHP Mark Williams
Batting: SHB Mike Larson 0-0: Ball
1-0: Foul Ball, location: 2F
1-1: Ball
2-1: Ball
3-1: Called Strike
3-2: Base on Balls
Bobby de Leon scores
Scott Yost to third
Todd Dostal to second
Batting: RHB Roberto Quinones 0-0: Ball
1-0: Foul Ball, location: 2F
1-1: Ball
2-1: Foul Ball, location: 2F
2-2: Foul Ball, location: 2F
2-2: Strikes out swinging
Batting: RHB Jay Carp 0-0: Foul Ball, location: 2F
0-1: Ball
1-1: Called Strike
1-2: Fly out, F9 (Flyball, 9D, EV 107.5 MPH)
Runner from 3rd tags up, SCORES, throw by RF
Todd Dostal to third
Batting: RHB Kevin Anderson 0-0: Foul Ball, location: 2F
0-1: Swinging Strike
0-2: Foul Ball, location: 2F
0-2: Ball
1-2: Strikes out looking
Top of the 8th over - 4 runs, 1 hit, 0 errors, 2 left on base; Evansville 9 - Sussex County 3
BOTTOM OF THE 8TH
Sussex County Miners batting - Pitching for Evansville Otters : RHP Brad Thoutt
Batting: RHB Rick Davis 0-0: Ball
1-0: Ball
2-0: Ground out 4-3 (Groundball, 4, EV 106.2 MPH)
Batting: RHB Jose Hidalgo 0-0: Ball
1-0: Called Strike
1-1: Swinging Strike
1-2: Ball
2-2: Ball
3-2: Foul Ball, location: 2F
3-2: Strikes out swinging
Batting: RHB Ron Oakley 0-0: Fly out, F9 (Flyball, 9D, EV 101.2 MPH)
Bottom of the 8th over - 0 runs, 0 hits, 0 errors, 0 left on base; Evansville 9 - Sussex County 3
TOP OF THE 9TH
Evansville Otters batting - Pitching for Sussex County Miners : LHP Mark Williams
Batting: LHB Oscar Ortiz 0-0: Called Strike
0-1: Called Strike
0-2: Fly out, F9 (Flyball, 89M, EV 91.2 MPH)
Pitching: LHP Pat Storey
Batting: RHB Nate Young 0-0: Ball
1-0: Foul Ball, location: 2F
1-1: Foul Ball, location: 2F
1-2: Foul Ball, location: 2F
1-2: Foul Ball, location: 2F
1-2: Ball
2-2: Foul Ball, location: 2F
2-2: Ball
3-2: SINGLE (Groundball, 5S, EV 64.4 MPH) (infield hit)
Batting: RHB Bobby de Leon 0-0: Foul Ball, location: 2F
0-1: Ball
1-1: DOUBLE (Line Drive, 8LXD, EV 105.0 MPH)
Nate Young to third
Batting: LHB Scott Yost 0-0: Ball
1-0: Ball
2-0: Called Strike
2-1: Ball
3-1: TRIPLE (Line Drive, 89XD, EV 106.9 MPH)
Nate Young scores
Bobby de Leon scores
Batting: RHB Todd Dostal 0-0: Called Strike
0-1: Foul Ball, location: 2F
0-2: Ball
1-2: Ground out 6-3 (Groundball, 6MD, EV 105.6 MPH)
Scott Yost scores
Batting: SHB Mike Larson 0-0: Ball
1-0: Called Strike
1-1: Ball
2-1: Foul Ball, location: 2F
2-2: Fly out, F3 (Popup, 3F, EV 63.1 MPH)
Top of the 9th over - 3 runs, 3 hits, 0 errors, 0 left on base; Evansville 12 - Sussex County 3
BOTTOM OF THE 9TH
Sussex County Miners batting - Pitching for Evansville Otters : RHP Brad Thoutt
Batting: RHB Jonas de Rooij 0-0: Ball
1-0: Called Strike
1-1: Swinging Strike
1-2: Ground out U3 (Groundball, 34, EV 105.6 MPH)
Batting: RHB Danny Fernandez 0-0: Ball
1-0: Ball
2-0: SINGLE (Groundball, 6M, EV 108.1 MPH) (infield hit)
Batting: RHB Dave Bice 0-0: Called Strike
0-1: Ball
1-1: Called Strike
1-2: Ball
2-2: Ball
3-2: Foul Ball, location: 2F
3-2: Base on Balls
Danny Fernandez to second
Batting: LHB Tim Varner 0-0: Fly out, F5 (Flyball, 5D, EV 88.8 MPH)
Batting: LHB Josh Staggs 0-0: Ground out 3-1 (Groundball, 34, EV 101.9 MPH)
Bottom of the 9th over - 0 runs, 1 hit, 0 errors, 2 left on base; Evansville 12 - Sussex County 3
Saturday, October 30th , 2021 - OOTP Baseball 22.10 Build 79